PIO (24 & UNDER)
SALEM SLEDGEHAMMERS @ SEATTLE RAINIERS
06/20/2029
 
TOP OF THE 1ST
Salem Sledgehammers batting - Pitching for Seattle Rainiers : LHP David Vance
Pitching: LHP David Vance
Batting: RHB Randall Luna 0-0: Foul Ball, location: 2F
0-1: Called Strike
0-2: Strikes out looking
Batting: LHB Gabriel Estrada 0-0: Ball
1-0: SINGLE (Groundball, 34D)
Batting: RHB Rickey Núñez 0-0: Called Strike
Gabriel Estrada is caught stealing 2nd base
0-1: Called Strike
0-2: SINGLE (Groundball, 6) (infield hit)
Batting: LHB José Guillén 0-0: Ball
Rickey Núñez steals 2nd base
1-0: Called Strike
1-1: Ball
2-1: Foul Ball, location: 2F
2-2: Fly out, F7 (Line Drive, 7)
Top of the 1st over - 0 runs, 2 hits, 0 errors, 1 left on base; Salem 0 - Seattle 0
BOTTOM OF THE 1ST
Seattle Rainiers batting - Pitching for Salem Sledgehammers : LHP Gerardo Vázquez
Pitching: LHP Gerardo Vázquez
Batting: SHB Javier Contreras 0-0: Called Strike
0-1: Ball
1-1: Called Strike
1-2: Strikes out swinging
Batting: SHB Troy Holland 0-0: Ball
1-0: Called Strike
1-1: Ball
2-1: Ball
3-1: Foul Ball, location: 2F
3-2: Base on Balls
Batting: RHB Jesús Ortíz 0-0: Ball
1-0: Foul Ball, location: 2F
1-1: Ball
2-1: Called Strike
2-2: Fly out, F9 (Flyball, 9LSF)
Batting: LHB José Delgado 0-0: Called Strike
Throwing error on steal attempt, E2
Troy Holland to third
0-1: Ground out 4-3 (Groundball, 4)
Bottom of the 1st over - 0 runs, 0 hits, 1 error, 1 left on base; Salem 0 - Seattle 0
TOP OF THE 2ND
Salem Sledgehammers batting - Pitching for Seattle Rainiers : LHP David Vance
Batting: RHB John Burton 0-0: Called Strike
0-1: Swinging Strike
0-2: Strikes out swinging
Batting: SHB Carlos Ramírez 0-0: Called Strike
0-1: Fly out, F3 (Popup, 23F)
Batting: RHB Rich Crabtree 0-0: Called Strike
0-1: Ball
1-1: Swinging Strike
1-2: Strikes out swinging
Top of the 2nd over - 0 runs, 0 hits, 0 errors, 0 left on base; Salem 0 - Seattle 0
BOTTOM OF THE 2ND
Seattle Rainiers batting - Pitching for Salem Sledgehammers : LHP Gerardo Vázquez
Batting: RHB Steve Smith 0-0: Ball
1-0: Foul Ball, location: 2F
1-1: Ball
2-1: DOUBLE (Flyball, 8RD)
Batting: RHB John Eaves 0-0: SINGLE (Flyball, 89S)
Steve Smith to third
Batting: RHB Chad Battle 0-0: Ball
1-0: Ball
2-0: Ball
3-0: Called Strike
3-1: Called Strike
3-2: Base on Balls
John Eaves to second
Batting: RHB Jeff Lawrence 0-0: Called Strike
0-1: Fly out, F3 (Popup, 3SF)
Batting: LHB Ramón Ramírez 0-0: Ball
1-0: Called Strike
1-1: Swinging Strike
1-2: GRAND SLAM HOME RUN (Flyball, 9D), Distance : 377 ft
Batting: SHB Javier Contreras 0-0: Ball
1-0: Ball
2-0: Called Strike
2-1: Called Strike
2-2: Strikes out swinging
Batting: SHB Troy Holland 0-0: SINGLE (Flyball, 78S)
Batting: RHB Jesús Ortíz 0-0: Called Strike
0-1: Called Strike
Troy Holland steals 2nd base
0-2: Foul Ball, location: 2F
0-2: Foul Ball, location: 2F
0-2: Strikes out swinging
Bottom of the 2nd over - 4 runs, 4 hits, 0 errors, 1 left on base; Salem 0 - Seattle 4
TOP OF THE 3RD
Salem Sledgehammers batting - Pitching for Seattle Rainiers : LHP David Vance
Batting: RHB Juan Morales 0-0: Foul Ball, location: 2F
0-1: Foul Ball, location: 2F
0-2: Ball
1-2: Strikes out swinging
Batting: SHB Manuel Jiménez 0-0: Called Strike
0-1: Ball
1-1: Foul Ball, location: 2F
1-2: Ball
2-2: Ball
3-2: Ground out 5-3 (Groundball, 56)
Batting: RHB Randall Luna 0-0: Ball
1-0: Ball
2-0: SOLO HOME RUN (Flyball, 7LD), Distance : 359 ft
Batting: LHB Gabriel Estrada 0-0: Ground out 5-3 (Groundball, 5L)
Top of the 3rd over - 1 run, 1 hit, 0 errors, 0 left on base; Salem 1 - Seattle 4
BOTTOM OF THE 3RD
Seattle Rainiers batting - Pitching for Salem Sledgehammers : LHP Gerardo Vázquez
Batting: LHB José Delgado 0-0: Called Strike
0-1: Swinging Strike
0-2: Ball
1-2: Ball
2-2: Fly out, F6 (Line Drive, 6D)
Batting: RHB Steve Smith 0-0: Swinging Strike
0-1: Foul Ball, location: 2F
0-2: Strikes out swinging
Batting: RHB John Eaves 0-0: Fly out, F3 (Popup, 34)
Bottom of the 3rd over - 0 runs, 0 hits, 0 errors, 0 left on base; Salem 1 - Seattle 4
TOP OF THE 4TH
Salem Sledgehammers batting - Pitching for Seattle Rainiers : LHP David Vance
Batting: RHB Rickey Núñez 0-0: Ball
1-0: Called Strike
1-1: Ball
2-1: Foul Ball, location: 2F
2-2: Fly out, F9 (Line Drive, 9)
Batting: LHB José Guillén 0-0: Foul Ball, location: 2F
0-1: Ball
1-1: Foul Ball, location: 2F
1-2: Foul Ball, location: 2F
1-2: Strikes out swinging
Batting: RHB John Burton 0-0: Ball
1-0: Ball
2-0: SOLO HOME RUN (Flyball, 7LD), Distance : 386 ft
Batting: SHB Carlos Ramírez 0-0: Called Strike
0-1: DOUBLE (Line Drive, 7LD)
Batting: RHB Rich Crabtree 0-0: Ball
1-0: Foul Ball, location: 2F
1-1: Fly out, F9 (Flyball, 89M)
Top of the 4th over - 1 run, 2 hits, 0 errors, 1 left on base; Salem 2 - Seattle 4
BOTTOM OF THE 4TH
Seattle Rainiers batting - Pitching for Salem Sledgehammers : LHP Gerardo Vázquez
Batting: RHB Chad Battle 0-0: Called Strike
0-1: Swinging Strike
0-2: Strikes out swinging
Batting: RHB Jeff Lawrence 0-0: Swinging Strike
0-1: Swinging Strike
0-2: Strikes out swinging
Batting: LHB Ramón Ramírez 0-0: Fly out, F9 (Line Drive, 9D)
Bottom of the 4th over - 0 runs, 0 hits, 0 errors, 0 left on base; Salem 2 - Seattle 4
TOP OF THE 5TH
Salem Sledgehammers batting - Pitching for Seattle Rainiers : LHP David Vance
Batting: RHB Juan Morales 0-0: Called Strike
0-1: Ball
1-1: DOUBLE (Groundball, 3L)
Batting: SHB Manuel Jiménez 0-0: Ball
1-0: Fly out, F8 (Flyball, 8RD)
Runner from 2nd tags up, SAFE at 3rd, no throw
Batting: RHB Randall Luna 0-0: Ball
1-0: Swinging Strike
1-1: Swinging Strike
1-2: Foul Ball, location: 2F
1-2: Ball
2-2: Strikes out swinging
Batting: LHB Gabriel Estrada 0-0: Foul Ball, location: 2F
0-1: Ball
1-1: Called Strike
1-2: Strikes out swinging
Top of the 5th over - 0 runs, 1 hit, 0 errors, 1 left on base; Salem 2 - Seattle 4
BOTTOM OF THE 5TH
Seattle Rainiers batting - Pitching for Salem Sledgehammers : LHP Gerardo Vázquez
Pitching: RHP Luis Rosado
Batting: SHB Javier Contreras 0-0: Called Strike
0-1: Called Strike
0-2: Strikes out looking
Batting: SHB Troy Holland 0-0: Ground out U3 (Groundball, 3L)
Batting: RHB Jesús Ortíz 0-0: Ball
1-0: Foul Ball, location: 2F
1-1: Called Strike
1-2: Foul Ball, location: 2F
1-2: Foul Ball, location: 2F
1-2: Strikes out swinging
Bottom of the 5th over - 0 runs, 0 hits, 0 errors, 0 left on base; Salem 2 - Seattle 4
TOP OF THE 6TH
Salem Sledgehammers batting - Pitching for Seattle Rainiers : LHP David Vance
Batting: RHB Rickey Núñez 0-0: Foul Ball, location: 2F
0-1: Fly out, F7 (Flyball, 78M)
Batting: LHB José Guillén 0-0: Swinging Strike
0-1: Ball
1-1: Fly out, F7 (Flyball, 78S)
Batting: RHB John Burton 0-0: Ball
1-0: Ball
2-0: Ball
3-0: Called Strike
3-1: Foul Ball, location: 2F
3-2: Base on Balls
Pinch Runner at 1st José Rivas:
Batting: SHB Carlos Ramírez 0-0: Called Strike
0-1: Ball
1-1: Ground out 5-3 (Groundball, 56S)
Top of the 6th over - 0 runs, 0 hits, 0 errors, 1 left on base; Salem 2 - Seattle 4
BOTTOM OF THE 6TH
Seattle Rainiers batting - Pitching for Salem Sledgehammers : RHP Luis Rosado
Now at 1B: Gary Cahill
Batting: LHB José Delgado 0-0: Foul Ball, location: 2F
0-1: Ball
1-1: Foul Ball, location: 2F
1-2: Strikes out swinging
Batting: RHB Steve Smith 0-0: Called Strike
0-1: Ball
1-1: Ball
2-1: Called Strike
2-2: Foul Ball, location: 2F
2-2: Ball
3-2: Foul Ball, location: 2F
3-2: Foul Ball, location: 2F
3-2: Foul Ball, location: 2F
3-2: Base on Balls
Batting: RHB John Eaves 0-0: Ball
1-0: Ball
2-0: Fly out, F8 (Flyball, 78D)
Batting: RHB Chad Battle 0-0: Called Strike
0-1: Ball
1-1: Foul Ball, location: 2F
1-2: Foul Ball, location: 2F
1-2: Foul Ball, location: 2F
1-2: Foul Ball, location: 2F
1-2: Foul Ball, location: 2F
1-2: Ball
2-2: Foul Ball, location: 2F
2-2: Hit by Pitch
Steve Smith to second
Batting: RHB Jeff Lawrence 0-0: DOUBLE (Flyball, 78XD)
Steve Smith scores
Chad Battle to third
Batting: LHB Ramón Ramírez 0-0: Intentional Walk
Batting: SHB Javier Contreras 0-0: Ball
1-0: Ball
2-0: Ball
3-0: Called Strike
3-1: Foul Ball, location: 2F
3-2: SINGLE (Groundball, 34) (infield hit)
Chad Battle scores
Jeff Lawrence to third
Ramón Ramírez to second
Pitching: RHP Clay White
Batting: SHB Troy Holland 0-0: Fly out, F8 (Flyball, 8RS)
Bottom of the 6th over - 2 runs, 2 hits, 0 errors, 3 left on base; Salem 2 - Seattle 6
TOP OF THE 7TH
Salem Sledgehammers batting - Pitching for Seattle Rainiers : LHP David Vance
Pitching: LHP Nick Thornton
Batting: RHB Rich Crabtree 0-0: Ball
1-0: SINGLE (Line Drive, 4D)
Batting: RHB Juan Morales 0-0: Swinging Strike
0-1: Ball
Error on foul ball, E2
1-2: Ball
2-2: 2-RUN HOME RUN (Flyball, 7D), Distance : 384 ft
Batting: SHB Manuel Jiménez 0-0: Ball
1-0: Ground out U3 (Groundball, 3S)
Batting: RHB Randall Luna 0-0: Ball
1-0: Foul Ball, location: 2F
1-1: Foul Ball, location: 2F
1-2: Ball
2-2: Ground out 6-3 (Groundball, 6)
Batting: LHB Gabriel Estrada 0-0: Ball
1-0: Foul Ball, location: 2F
1-1: Ball
2-1: Ball
3-1: Base on Balls
Batting: RHB Rickey Núñez 0-0: Called Strike
0-1: Fly out, F8 (Flyball, 8RD)
Top of the 7th over - 2 runs, 2 hits, 1 error, 1 left on base; Salem 4 - Seattle 6
BOTTOM OF THE 7TH
Seattle Rainiers batting - Pitching for Salem Sledgehammers : RHP Clay White
Batting: RHB Jesús Ortíz 0-0: Ball
1-0: Called Strike
1-1: Fly out, F9 (Flyball, 89M)
Pitching: LHP Juan Cervantes
Batting: LHB José Delgado 0-0: Foul Ball, location: 2F
0-1: Called Strike
0-2: Ball
1-2: Ball
2-2: Ground out 3-1 (Groundball, 34S)
Pitching: RHP Leslie Simpson
Batting: RHB Steve Smith 0-0: Ball
1-0: Fly out, F5 (Line Drive, 5)
Bottom of the 7th over - 0 runs, 0 hits, 0 errors, 0 left on base; Salem 4 - Seattle 6
TOP OF THE 8TH
Salem Sledgehammers batting - Pitching for Seattle Rainiers : LHP Nick Thornton
Batting: LHB José Guillén 0-0: Ball
1-0: Swinging Strike
1-1: Foul Ball, location: 2F
1-2: Fly out, F8 (Flyball, 8LM)
Batting: LHB Gary Cahill 0-0: Ball
1-0: Called Strike
1-1: Swinging Strike
1-2: Strikes out looking
Batting: SHB Carlos Ramírez 0-0: Called Strike
0-1: Foul Ball, location: 2F
0-2: Foul Ball, location: 2F
0-2: Ball
1-2: Ball
2-2: Ball
3-2: Strikes out swinging
Top of the 8th over - 0 runs, 0 hits, 0 errors, 0 left on base; Salem 4 - Seattle 6
BOTTOM OF THE 8TH
Seattle Rainiers batting - Pitching for Salem Sledgehammers : RHP Leslie Simpson
Batting: RHB John Eaves 0-0: Fly out, F4 (Popup, 34)
Batting: RHB Chad Battle 0-0: Called Strike
0-1: Ball
1-1: Ball
2-1: Ground out 5-3 (Groundball, 56)
Batting: RHB Jeff Lawrence 0-0: Ball
1-0: Ground out 6-3 (Groundball, 56)
Bottom of the 8th over - 0 runs, 0 hits, 0 errors, 0 left on base; Salem 4 - Seattle 6
TOP OF THE 9TH
Salem Sledgehammers batting - Pitching for Seattle Rainiers : LHP Nick Thornton
Pitching: LHP Vicente Mojica
Batting: RHB Rich Crabtree 0-0: Foul Ball, location: 2F
0-1: Ball
1-1: Swinging Strike
1-2: Strikes out swinging
Batting: RHB Juan Morales 0-0: Ball
1-0: Ball
2-0: Ball
3-0: Called Strike
3-1: Foul Ball, location: 2F
3-2: Fly out, F3 (Line Drive, 34)
Batting: SHB Manuel Jiménez 0-0: Swinging Strike
0-1: Ground out 2-3 (Groundball, 2L)
Top of the 9th over - 0 runs, 0 hits, 0 errors, 0 left on base; Salem 4 - Seattle 6
Saturday, December 16th, 2017 - OOTP Baseball 18.8 Build 76